 Dungeon Crawl Stone Soup version 0.18-a0-775-g4d9e04e (webtiles) character file.

273 tof the Sneak (level 6, -1/33 HPs)
             Began as a Deep Elf Enchanter on Dec 13, 2015.
             Slain by an ogre
             ... wielding a +0 giant club
              (17 damage)
             ... on level 4 of the Dungeon.
             The game lasted 00:19:51 (4581 turns).

tof the Sneak (Deep Elf Enchanter)                  Turns: 4581, Time: 00:19:51

Health: -1/33      AC:  5    Str:  5      XL:     6   Next: 3%
Magic:  8/14       EV: 14    Int: 17 (20) God:
Gold:   75         SH:  0    Dex: 17      Spells: 5 memorised, 2 levels left

rFire  . . .     SeeInvis .     a - +2 dagger
rCold  . . .     Clarity  .     b - +1 robe
rNeg   . . .     SustAt   .     (no shield)
rPois  .         Gourm    .     (no helmet)
rElec  .         Spirit   .     (no cloak)
rCorr  .         Dismiss  .     e - +1 pair of gloves
rMut   .         Stasis   .     (no boots)
MR     .....                    n - amulet of rage
Stlth  +++.......               (no ring)
                                (no ring)

@: very slightly contaminated, not resistant to hostile enchantments, fairly
stealthy
A: no striking features
a: Evoke Berserk Rage


You were on level 4 of the Dungeon.
You were not hungry.

You visited 1 branch of the dungeon, and saw 4 of its levels.

You collected 75 gold pieces.

Inventory:

Hand Weapons
 a - a +2 dagger (weapon)
Armour
 b - a +1 robe (worn)
 e - a +1 pair of gloves (worn)
Jewellery
 n - an amulet of rage (around neck)
Scrolls
 g - 2 scrolls of amnesia
 i - 3 scrolls of remove curse
 j - a scroll of fog
 k - 4 scrolls of identify
 l - a scroll of teleportation
Potions
 h - a potion of haste
Books
 c - a book of Maledictions

   Spells                             Type                      Level
   a - Corona                         Hexes                        1
   b - Ensorcelled Hibernation        Hexes/Ice                    2
   c - Confuse                        Hexes                        3
   d - Tukima's Dance                 Hexes                        3
   e - Dazzling Spray                 Conjuration/Hexes            3
Comestibles
 m - a meat ration


   Skills:
 + Level 0.8 Fighting
 + Level 1.9 Short Blades
 + Level 4.1 Dodging
 + Level 5.3 Stealth
 + Level 4.6 Spellcasting
 + Level 5.0 Hexes
 + Level 0.9 Ice Magic


You had 2 spell levels left.
You knew the following spells:

 Your Spells              Type           Power        Failure   Level  Hunger
a - Corona                Hex            ###....      1%          1    None
b - Ensorcelled Hibernat  Hex/Ice        ##....       10%         2    ##.....
c - Confuse               Hex            ###.....     8%          3    ###....
d - Tukima's Dance        Hex            ###.....     8%          3    ###....
e - Dazzling Spray        Conj/Hex       ##......     17%         3    ###....


Dungeon Overview and Level Annotations

Branches:
Dungeon (4/15)
 Temple: D:4-7

Altars:


Message History

Press: ? - help, Shift-Dir - straight line, f - ogre
Aim: an ogre, wielding a giant club (chance to defeat MR: 45%)
The ogre resists with some effort.
The ogre hits you with a giant club!
Ouch! That really hurt!
Casting: Ensorcelled Hibernation
Confirm with . or Enter, or press ? or * to list all spells.
Aiming: Ensorcelled Hibernation
Press: ? - help, Shift-Dir - straight line, f/p - ogre
Aim: an ogre, wielding a giant club (chance to defeat MR: 45%)
You miscast Ensorcelled Hibernation.
You are very lightly contaminated with residual magic.
The light around you dims momentarily. The ogre misses you.
Casting: Ensorcelled Hibernation
Confirm with . or Enter, or press ? or * to list all spells.
Aiming: Ensorcelled Hibernation
Press: ? - help, Shift-Dir - straight line, f/p - ogre
Aim: an ogre, wielding a giant club (chance to defeat MR: 45%)
The ogre resists with some effort.
The ogre hits you with a giant club!
Ouch! That really hurt!
You die...

P♣..............
♣P..............
...#..........#.
.. ###†####...#
# ##.# ##...
######..# #.
#......##
######.....####
#......@O.......
#..........#####
#...########
#####


You could see an ogre.

Vanquished Creatures
  Jessica (D:2)
  2 orc wizards (D:3)
  9 adders
  An ooze (D:2)
  2 worms (D:3)
  2 giant geckos (D:1)
  12 orcs (D:3)
  8 giant cockroaches
  8 hobgoblins
  10 jackals
  4 kobolds
  8 ball pythons
  8 bats
  6 giant newts
  5 goblins
  2 quokkas (D:2)
  8 rats
96 creatures vanquished.

Notes
Turn   | Place    | Note
--------------------------------------------------------------
     0 | D:1      | tof the Deep Elf Enchanter began the quest for the Orb.
     0 | D:1      | Reached XP level 1. HP: 10/10 MP: 6/6
   549 | D:1      | Reached XP level 2. HP: 15/15 MP: 6/8
  1074 | D:2      | Learned a level 2 spell: Ensorcelled Hibernation
  1134 | D:2      | Reached XP level 3. HP: 19/19 MP: 7/10
  1176 | D:2      | Noticed Jessica
  1182 | D:2      | Killed Jessica
  1209 | D:2      | Reached XP level 4. HP: 22/24 MP: 9/12
  1973 | D:2      | Reached XP level 5. HP: 26/28 MP: 13/13
  2377 | D:3      | Reached skill level 5 in Stealth
  2447 | D:3      | Reached skill level 5 in Hexes
  3098 | D:3      | HP: 1/28 [orc/club (3)]
  3490 | D:3      | Learned a level 3 spell: Confuse
  3494 | D:3      | Learned a level 3 spell: Tukima's Dance
  3498 | D:3      | Learned a level 3 spell: Dazzling Spray
  4221 | D:3      | Reached XP level 6. HP: 33/33 MP: 14/14
  4581 | D:4      | Slain by an ogre

Vault maps used:
D:1:      elethiomel_arrival_quiet
D:2:      first_bread, minmay_snake_closets, uniq_jessica
D:3:      dk_noncrumbling_3
D:4:      nicolae_ru_sacrificial_ziggurat, minmay_temple_entry_trees,
          serial_park_tiny_1

Action                   |  1- 3 |  4- 6 || total
-------------------------+-------+-------++-------
Melee: Dagger            |    87 |   177 ||   264
 Cast: Corona            |    21 |     8 ||    29
       Ensorcelled Hiber |     2 |    33 ||    35
       Confuse           |       |     4 ||     4
       Dazzling Spray    |       |     2 ||     2
  Use: Scroll            |     7 |     2 ||     9
       Potion            |     2 |     5 ||     7
 Stab: Sleeping          |    10 |    29 ||    39
       Invisible         |     1 |       ||     1
       Distracted        |       |     1 ||     1
  Eat: Chunk             |     1 |     7 ||     8
       Bread ration      |       |     2 ||     2
